 Dungeon Crawl Stone Soup version 0.19.0-18-g426998a (webtiles) character file.

793 dysrexia the Slasher (level 7, -8/51 HPs)
             Began as a Vampire Abyssal Knight on Nov 11, 2016.
             Was a Priest of Lugonu.
             Mangled by an ogre
             ... wielding a +0 giant spiked club
              (15 damage)
             ... on level 5 of the Dungeon.
             The game lasted 00:14:32 (5941 turns).

dysrexia the Slasher (Vampire Abyssal Knight)       Turns: 5941, Time: 00:14:32

Health: -8/51      AC:  8    Str: 13    XL:     7   Next: 57%
Magic:  10/10      EV: 10    Int: 14    God:    Lugonu [***...]
Gold:   125        SH:  3    Dex: 14    Spells: 0 memorised, 6 levels left

rFire  . . .     SeeInvis +     a - +2 falchion
rCold  . . .     Gourm    .     f - +0 ring mail
rNeg   + . .     Faith    .     j - +0 buckler
rPois  +         Spirit   .     h - +0 helmet
rElec  .         Reflect  .     k - +1 cloak
rCorr  .         Harm     .     (no gloves)
MR     .....                    (no boots)
Stlth  +.........               (no amulet)
                                (no ring)
                                n - ring of poison resistance

@: no status effects
A: fangs 3, see invisible, unbreathing
a: Bat Form, Depart the Abyss, Bend Space, Banish, Renounce Religion


You were on level 5 of the Dungeon.
You worshipped Lugonu.
Lugonu was most pleased with you.
You were not thirsty.

You visited 1 branch of the dungeon, and saw 6 of its levels.
You visited the Abyss 1 time.

You collected 125 gold pieces.

Inventory:

Hand Weapons
 a - a +2 falchion (weapon)
Missiles
 l - 4 curare-tipped needles
 o - 21 poisoned needles
Armour
 b - a +0 leather armour
 f - a +0 ring mail (worn)
 h - a +0 helmet (worn)
 j - a +0 buckler (worn)
 k - a +1 cloak (worn)
 t - a +0 chain mail
Jewellery
 n - a ring of poison resistance (left hand)
Wands
 e - a wand of random effects (16/48)
 m - a wand of slowing (6/48)
 v - a wand of disintegration (9/24)
Scrolls
 d - a scroll of enchant armour
 g - 3 scrolls of identify
 i - a scroll of enchant weapon
 p - a scroll of remove curse
 q - 3 scrolls of fear {unknown}
Potions
 c - 10 potions of blood


   Skills:
 - Level 2.6 Fighting
 * Level 7.2 Long Blades
 - Level 0.7 Armour
 - Level 2.1 Dodging
 + Level 4.7 Invocations


You had 6 spell levels left.
You didn't know any spells.

Dungeon Overview and Level Annotations

Branches:
Dungeon (6/15)             Temple (0/1) D:4

Altars:
Cheibriados
Elyvilon
Nemelex Xobeh

Annotations:
D:3 Sigmund
D:4 Duvessa


Innate Abilities, Weirdness & Mutations

You have razor-sharp teeth.
You have supernaturally acute eyesight. (SInv)
You can survive without breathing.


Message History

The ogre hits you but does no damage.
You hit the ogre.
The ogre is lightly wounded.
You block the ogre's attack.
You barely miss the ogre.
The ogre is lightly wounded.
The ogre hits you with a giant spiked club!
You hit the ogre but do no damage. Your bite misses the ogre.
The ogre is lightly wounded.
You hit the ogre.
The ogre is moderately wounded.
The ogre hits you with a giant spiked club!!
Ouch! That really hurt!
* * * LOW HITPOINT WARNING * * *
You slash the ogre!
The ogre is severely wounded.
You hit the ogre.
The ogre is severely wounded.
The ogre hits you with a giant spiked club!
You die...

#.# .....# .. ####.# 8...8#
.....# ##>## . )....#######
.a .......#..# ####...
##......<########
####.%.....
###............####........o
##............O.......#
#...........@#.....##
#...........###...##
#...####...## #...# #..##
##### ##..# #..# #..# #..#
#..# #..## #..# #####...##
#..# .....#...## #..#


You could see an ogre.

Vanquished Creatures
  An ogre (D:5)
  The ghost of Monkaria the Digger, an amateur DDEE (D:4)
  Dowan (D:4)
  A scorpion (D:4)
  A crimson imp (D:3)
  A hound (D:5)
  An iguana (D:5)
  Natasha (D:3)
  4 orc wizards
  2 worker ants
  A hound skeleton (D:6)
  11 adders
  2 oozes
  3 dart slugs
  3 worms
  3 leopard geckos
  12 orcs
  A ball python (D:1)
  3 giant cockroaches
  7 goblins
  9 hobgoblins
  13 jackals
  5 kobolds
  2 quokkas
  8 bats
  4 frilled lizards
  8 rats
109 creatures vanquished.

Notes
Turn   | Place    | Note
-------+----------+-------------------------------------------
     0 | Abyss:1  | dysrexia the Vampire Abyssal Knight began the quest for the Orb.
     0 | Abyss:1  | Reached XP level 1. HP: 17/17 MP: 2/2
    58 | D:1      | Escaped the Abyss
    72 | D:1      | Reached * piety under Lugonu
   455 | D:1      | Reached XP level 2. HP: 16/23 MP: 3/3
   602 | D:1      | Reached skill level 3 in Long Blades
   830 | D:1      | Reached XP level 3. HP: 25/28 MP: 4/4
  1185 | D:2      | Reached XP level 4. HP: 12/34 MP: 5/5
  1634 | D:2      | Reached ** piety under Lugonu
  2041 | D:2      | Reached skill level 4 in Long Blades
  2704 | D:3      | Reached XP level 5. HP: 33/39 MP: 7/7
  2763 | D:3      | Found a snail-covered altar of Cheibriados.
  2833 | D:3      | Noticed Sigmund
  3484 | D:3      | Noticed Natasha
  3496 | D:3      | Killed Natasha
  3496 | D:3      | Reached skill level 5 in Long Blades
  3720 | D:3      | Reached XP level 6. HP: 44/46 MP: 8/8
  4025 | D:4      | You fall through a shaft for 2 floors!
  4030 | D:5      | Entered Level 5 of the Dungeon
  4248 | D:4      | Noticed Duvessa
  4268 | D:4      | Noticed Dowan
  4277 | D:4      | Found a staircase to the Ecumenical Temple.
  4427 | D:4      | Noticed Monkaria's ghost (amateur DDEE)
  4467 | D:4      | Killed Monkaria's ghost
  4467 | D:4      | Reached skill level 6 in Long Blades
  4632 | D:4      | Found a white marble altar of Elyvilon.
  4650 | D:4      | Reached *** piety under Lugonu
  4650 | D:4      | Reached XP level 7. HP: 36/51 MP: 10/10
  4814 | D:4      | Killed Dowan
  5508 | D:5      | Found a sparkling altar of Nemelex Xobeh.
  5517 | D:5      | Reached skill level 7 in Long Blades
  5941 | D:5      | Mangled by an ogre

Skill      XL: |  1  2  3  4  5  6  7 |
---------------+----------------------+-----
Long Blades    | 3 4 5 6 7 |  7.2
Invocations    | 2 3 4 |  4.7
Fighting       | |  2.6
Armour         | |  0.7
Dodging        | |  2.1

Action                   |  1- 3 |  4- 6 |  7- 9 || total
-------------------------+-------+-------+-------++-------
Melee: Falchion          |    89 |   275 |    88 ||   452
       Bite              |    10 |    29 |    13 ||    52
Invok: Depart the Abyss  |     1 |       |       ||     1
  Use: Potion            |     5 |    14 |     6 ||    25
       Scroll            |       |    13 |       ||    13
 Stab: Sleeping          |       |     2 |       ||     2
Armor: Leather armour    |    20 |    29 |       ||    49
       Ring mail         |       |    61 |    30 ||    91
Dodge: Dodged            |    60 |   145 |    35 ||   240
Block: Buckler           |     4 |    40 |     5 ||    49
       Rpst.: Falchion   |    16 |    52 |    12 ||    80
